 Dungeon Crawl Stone Soup version 0.29-a0-541-gaf1fc19f1b (webtiles) character file.

Game seed: 18017204729173978805

97 MechDurjaeses the Charlatan (level 4, 0/34 HPs)
             Began as a Gnoll Wanderer on June 3, 2022.
             Slain by Natasha (6 damage)
             ... on level 2 of the Dungeon.
             The game lasted 00:05:20 (2218 turns).

MechDurjaeses the Charlatan (Gnoll Wanderer)        Turns: 2218, Time: 00:05:21

Health: 0/34       AC:  5    Str: 17    XL:     4   Next: 68%
Magic:  5/5        EV: 12    Int:  9    God:
Gold:   196        SH:  0    Dex: 10    Spells: 5/5 levels left

rFire   . . .      SeeInvis .   a - +2 mace
rCold   . . .      Faith    .   (no shield)
rNeg    . . .      Spirit   .   e - +0 leather armour
rPois   .          Reflect  .   (no helmet)
rElec   .          Harm     .   i - +0 cloak
rCorr   .          Rampage  .   (no gloves)
Will    .....                   p - +0 pair of boots
Stlth   ++........              (no amulet)
HPRegen 0.11/turn               (no ring)
MPRegen 0.09/turn               (no ring)

@: slowed, very slow
A: fangs 1, strong nose, distributed training
a: no special abilities


You were on level 2 of the Dungeon.
You visited 1 branch of the dungeon, and saw 3 of its levels.

You collected 196 gold pieces.

Inventory:

Hand Weapons
 a - a +2 mace (weapon)
 b - a +0 falchion
 l - a +0 hunting sling
Armour
 e - a +0 leather armour (worn)
 i - a +0 cloak (worn)
 p - a +0 pair of boots (worn)
Magical Staves
 h - a staff of earth
Scrolls
 f - a scroll of fear
 j - a scroll of magic mapping {unknown}
 n - 3 scrolls of poison
 r - a scroll of teleportation {unknown}
Potions
 d - 2 potions of brilliance
 g - a potion of invisibility {unknown}
 k - 3 potions of mutation
 m - a potion of curing {unknown}
 q - a potion of might {unknown}
Miscellaneous
 c - a piece from Xom's chessboard (15/15) (quivered)


   Skills:
 + Level 2.8 Fighting
 + Level 1.2 Short Blades
 + Level 2.8 Long Blades
 + Level 1.2 Axes
 + Level 6.6 Maces & Flails
 + Level 1.2 Polearms
 + Level 1.2 Staves
 + Level 1.2 Slings
 + Level 1.2 Bows
 + Level 1.2 Crossbows
 + Level 1.2 Throwing
 + Level 1.2 Armour
 + Level 2.8 Dodging
 + Level 2.6 Stealth
 + Level 1.2 Shields
 + Level 1.2 Unarmed Combat
 + Level 1.2 Spellcasting
 + Level 1.0 Conjurations
 + Level 1.0 Hexes
 + Level 1.0 Summonings
 + Level 1.0 Necromancy
 + Level 1.0 Translocations
 + Level 1.0 Transmutations
 + Level 1.0 Fire Magic
 + Level 1.0 Ice Magic
 + Level 1.0 Air Magic
 + Level 1.0 Earth Magic
 + Level 1.0 Poison Magic
 + Level 1.3 Invocations
 + Level 6.6 Evocations


You had 5 spell levels left.
You didn't know any spells.
Your spell library was empty.

Dungeon Overview and Level Annotations

Branches:
Dungeon (3/15)

Altars:

Annotations:
D:2 Natasha


Innate Abilities, Weirdness & Mutations

You have very sharp teeth.
Your uncanny sense of smell can sniff out nearby items.
Your experience applies equally to all skills.


Message History

Your Ice Magic skill increases to level 1!
Your Air Magic skill increases to level 1!
Your Earth Magic skill increases to level 1!
Your Poison Magic skill increases to level 1!
There is an open door here.
You feel yourself speed up.
There is an open door here.
There is a stone staircase leading down here.
Natasha, Servant of Life and Death comes into view.
Natasha hisses angrily.
Natasha drinks a potion.
Natasha's spells are empowered!
Natasha stares at you and mumbles some strange words.
You feel yourself slow down.
Natasha stares at you and mumbles some strange words.
The magic dart hits you.
You hit Natasha.
Natasha is moderately wounded.
Natasha claws you but does no damage.
You miss Natasha.
Natasha is moderately wounded.
Natasha casts a spell at you. The magic dart hits you!
Natasha mumbles some strange words.
You sock Natasha!
Natasha is severely wounded.
Natasha stares at you and mumbles some strange words.
You feel as though you will be slow longer.
You barely miss Natasha.
Natasha is severely wounded.
Natasha claws you. The iron imp hits you!
* * * LOW HITPOINT WARNING * * *
Natasha mumbles some strange words.
You feel troubled. Natasha claws you but does no damage.
You are too injured to fight recklessly!
You are too injured to fight recklessly!
You closely miss Natasha.
Natasha is severely wounded.
Natasha claws you.
You die...

#....##.......###........####.
###....##............#..........
#...............................
####..................######.####
.........#.#####.##..## ###.####
####.....#.# #.##..# ##.......
#.....#.# #.##..####........
#.....#.#####h##..............
##.....#.....5@................
#.........####.##.###.....)....
###......#....##.##.# #.#.##.####
#................##.###.#.##.####
#.#..............................
#.#.......................##.#.##
...........>.....................
#.#.....#...##..###.###.#.####.##
#.#.........##..###.###.#........


You could see an iron imp (summoned) and Natasha (empowered).

Vanquished Creatures
  Natasha (twice) (D:2)
  An adder (D:2)
  A ball python (D:1)
  A bat (D:2)
  4 endoplasms
  2 giant cockroaches
  2 hobgoblins (D:1)
  8 jackals (D:1)
  5 kobolds
  4 goblins
  4 rats
34 creatures vanquished.

Notes
Turn   | Place    | Note
-------+----------+-------------------------------------------
     0 | D:1      | MechDurjaeses the Gnoll Wanderer began the quest for the
                  | Orb.
     0 | D:1      | MechDurjaeses set off with the following items: a +2 mace,
                  | a +0 falchion, a piece from Xom's chessboard (15/15), a
                  | potion of brilliance, a +0 leather armour
     0 | D:1      | Reached XP level 1. HP: 17/17 MP: 1/1
   272 | D:1      | Reached XP level 2. HP: 22/23 MP: 2/2
   923 | D:1      | Reached XP level 3. HP: 27/28 MP: 3/3
  1058 | D:2      | Reached skill level 1 in Invocations
  1959 | D:3      | Noticed Natasha
  1970 | D:2      | Killed Natasha
  1971 | D:2      | Reached skill level 1 in Short Blades
  1971 | D:2      | Reached skill level 1 in Axes
  1971 | D:2      | Reached skill level 1 in Polearms
  1971 | D:2      | Reached skill level 1 in Staves
  1971 | D:2      | Reached skill level 1 in Slings
  1971 | D:2      | Reached skill level 1 in Bows
  1971 | D:2      | Reached skill level 1 in Crossbows
  1971 | D:2      | Reached skill level 1 in Throwing
  1971 | D:2      | Reached skill level 1 in Armour
  1971 | D:2      | Reached skill level 1 in Shields
  1971 | D:2      | Reached skill level 1 in Unarmed Combat
  1971 | D:2      | Reached skill level 1 in Spellcasting
  1971 | D:2      | Reached XP level 4. HP: 20/34 MP: 5/5
  2145 | D:2      | Noticed Natasha
  2174 | D:2      | Killed Natasha
  2175 | D:2      | Reached skill level 1 in Conjurations
  2175 | D:2      | Reached skill level 1 in Hexes
  2175 | D:2      | Reached skill level 1 in Summonings
  2175 | D:2      | Reached skill level 1 in Necromancy
  2175 | D:2      | Reached skill level 1 in Translocations
  2175 | D:2      | Reached skill level 1 in Transmutations
  2175 | D:2      | Reached skill level 1 in Fire Magic
  2175 | D:2      | Reached skill level 1 in Ice Magic
  2175 | D:2      | Reached skill level 1 in Air Magic
  2175 | D:2      | Reached skill level 1 in Earth Magic
  2175 | D:2      | Reached skill level 1 in Poison Magic
  2210 | D:2      | Noticed Natasha
  2218 | D:2      | Slain by Natasha

Illustrated notes

Levels and vault maps discovered:
D:1:      shiori_arrival_oz, layout_rooms, minmay_door_square
D:2:      layout_basic
D:3:      layout_basic, serial_glass, glass_columns_a, glass_columns_c,
          glass_columns_c, glass_columns_c, glass_columns_c, glass_columns_a,
          glass_columns_a, glass_columns_c, serial_bayou_pond_d, minivault_26,
          uniq_natasha, uniq_ijyb, uniq_sigmund

Skill      XL: |  1  2  3  4 |
---------------+-------------+-----
Invocations    | 1 |  1.3
Short Blades   | 1 |  1.2
Axes           | 1 |  1.2
Polearms       | 1 |  1.2
Staves         | 1 |  1.2
Slings         | 1 |  1.2
Bows           | 1 |  1.2
Crossbows      | 1 |  1.2
Throwing       | 1 |  1.2
Armour         | 1 |  1.2
Shields        | 1 |  1.2
Unarmed Combat | 1 |  1.2
Spellcasting   | 1 |  1.2
Conjurations   | 1 |  1.0
Hexes          | 1 |  1.0
Summonings     | 1 |  1.0
Necromancy     | 1 |  1.0
Translocations | 1 |  1.0
Transmutations | 1 |  1.0
Fire Magic     | 1 |  1.0
Ice Magic      | 1 |  1.0
Air Magic      | 1 |  1.0
Earth Magic    | 1 |  1.0
Poison Magic   | 1 |  1.0
Fighting       | |  2.8
Long Blades    | |  2.8
Maces & Flails | |  6.6
Dodging        | |  2.8
Stealth        | |  2.6
Evocations     | |  6.6

Action                   |  1- 3 |  4- 6 || total
-------------------------+-------+-------++-------
Melee: Mace              |    79 |    14 ||    93
       Morningstar       |     7 |       ||     7
       Bite              |     6 |       ||     6
 Fire: Hunting sling     |    10 |       ||    10
  Use: Scroll            |     3 |       ||     3
Armor: Leather armour    |    29 |     3 ||    32
Dodge: Dodged            |    66 |     6 ||    72

Table legend: (Time is in decaauts)
 A = Elapsed time spent in this place.
 B = Non-inter-level travel time spent in this place.
 C = Inter-level travel time spent in this place.
 D = Time resting spent in this place.
 E = Time spent auto-exploring this place.
 F = Levels seen in this place.
 G = Mean time per level.
                   A        B        C        D        E       F      G
               +--------+--------+--------+--------+--------+-----+--------+
         Total |   2242 |   2027 |    215 |    201 |   1528 |   3 |  747.3 |
       Dungeon |   2242 |   2027 |    215 |    201 |   1528 |   3 |  747.3 |
               +--------+--------+--------+--------+--------+-----+--------+

Top non-repeatable levels by time:
     D:2: 1269 daAuts
     D:1: 966 daAuts
     D:3: 7 daAuts
